 Dungeon Crawl Stone Soup version 0.28.0-47-ge53b351184 (console) character file.

Game seed: 12450784689118387745

133 Faeu the Covered (level 4, -2/41 HPs)
             Began as a Minotaur Fighter on May 2, 2022.
             Killed by nerve-wracking pain
             ... invoked by an orc priest
              (13 damage)
             ... on level 3 of the Dungeon.
             The game lasted 00:01:51 (1767 turns).

Faeu the Covered (Minotaur Fighter)                 Turns: 1767, Time: 00:01:52

Health: -2/41      AC:  7    Str: 23    XL:     4   Next: 93%
Magic:  3/3        EV:  9    Int:  5    God:
Gold:   121        SH:  4    Dex:  9    Spells: 3/3 levels left

rFire   . . .      SeeInvis .   a - +0 war axe {axe}
rCold   . . .      Faith    .   c - +0 buckler
rNeg    . . .      Spirit   .   b - +0 scale mail
rPois   .          Reflect  .   (helmet restricted)
rElec   .          Harm     .   (no cloak)
rCorr   .          Rampage  .   (no gloves)
Will    .....                   (no boots)
Stlth   ..........              (no amulet)
HPRegen 0.13/turn               (no ring)
MPRegen 0.08/turn               (no ring)

@: no status effects
A: horns 2, retaliatory headbutt
a: no special abilities


You were on level 3 of the Dungeon.
You visited 1 branch of the dungeon, and saw 3 of its levels.

You collected 121 gold pieces.


Innate Abilities, Weirdness & Mutations

You have a pair of horns on your head.
You reflexively headbutt those who attack you in melee.


   Skills:
 + Level 4.6 Fighting
 + Level 3.8 Axes
 + Level 4.6 Armour
 + Level 4.5 Shields


You had 3 spell levels left.
You didn't know any spells.
Your spell library was empty.

Inventory:

Hand Weapons
 a - a +0 war axe (weapon) {axe}
Armour
 b - a +0 scale mail (worn)
 c - a +0 buckler (worn)
Jewellery
 e - a ring of fire
   (You found it on level 1 of the Dungeon)
Wands
 h - a wand of iceblast (8)
   (You found it on level 2 of the Dungeon)
 n - a wand of polymorph (15)
   (You found it on level 3 of the Dungeon)
Scrolls
 i - a scroll of immolation {unknown}
 j - 3 scrolls of blinking {unknown}
 k - 2 scrolls of identify {unknown}
 m - a scroll of fog {unknown}
 o - a scroll of fear {unknown}
Potions
 d - a potion of might
 f - a potion of heal wounds {unknown}
 g - a potion of curing {unknown}
 l - a potion of cancellation {unknown}

Dungeon Overview and Level Annotations

Branches:
Dungeon (3/15)

Altars:
Nemelex Xobeh

##.......+
+
##.....####
# #.#...##
#.#...#
#.#...#
##...##
##.## #.#
#)#
###)#####
#..)@o..#
#.#.###.#
#.#.# # #..
###


You could see an orc priest.


Message History

An orc is nearby!
You hit the orc. You headbutt the orc.
You kill the orc!
An orc priest comes into view. It is wielding a +0 flail.
An orc priest is nearby!
An orc and an orc priest come into view.
The orc shouts!
The orc priest shouts!
The orc priest miscasts a cantrip.
The orc priest looks braver for a moment.
Things that are here:
a +0 whip {mace}; a +0 leather armour
There are monsters nearby!
You hit the orc priest.
The orc priest invokes the aid of Beogh against you.
Beogh smites you! 😮 HP[-15]
You take 15 damage, and now have 25/41 hp.
MASSIVE DAMAGE!! (PAUSE)
There are monsters nearby!
You are too injured to fight recklessly!
There are monsters nearby!
You are too injured to fight recklessly!
There are monsters nearby!
You are too injured to fight recklessly!
There are monsters nearby!
You are too injured to fight recklessly!
There are monsters nearby!
You are too injured to fight recklessly!
There are monsters nearby!
You are too injured to fight recklessly!
There are monsters nearby!
You are too injured to fight recklessly!
There are monsters nearby!
You are too injured to fight recklessly!
There are monsters nearby!
You are too injured to fight recklessly!
There are monsters nearby!
You are too injured to fight recklessly!
You barely miss the orc.
The orc priest calls upon Beogh to heal the orc priest.
The orc priest is healed somewhat.
There are monsters nearby!
You are too injured to fight recklessly! 😮 HP[+1]
There are monsters nearby!
You are too injured to fight recklessly!
There are monsters nearby!
You are too injured to fight recklessly!
There are monsters nearby!
The orc priest barely misses you. The orc hits you with a +0 club.
You are too injured to fight recklessly!
There are monsters nearby! 😮 HP[-3]
You take 3 damage, and now have 23/41 hp.
You are too injured to fight recklessly!
There are monsters nearby!
You are too injured to fight recklessly!
You slash the orc priest!
You headbutt the orc priest, but do no damage.
You barely miss the orc. You block the orc priest's attack.
The orc barely misses you. x2; The orc priest closely misses you.
You furiously retaliate!
You headbutt the orc priest.
There are monsters nearby!
You are too injured to fight recklessly!
You closely miss the orc priest. You slash the orc!
You kill the orc!
You block the orc priest's attack.
There are monsters nearby!
You are too injured to fight recklessly!
You hit the orc priest.
The orc priest invokes the aid of Beogh against you.
Beogh smites you!
* * * LOW HITPOINT WARNING * * *
The orc priest hits you but does no damage. 😨 HP[-8]
You take 8 damage, and now have 15/41 hp.
There are monsters nearby!
You are too injured to fight recklessly!
You slash the orc priest!
You kill the orc priest!
An orc priest is nearby!
You are too injured to fight recklessly!
You hit the orc priest.
You block the orc priest's attack. 😨 HP[+1]
An orc priest is nearby!
You are too injured to fight recklessly!
An orc priest is nearby!
You completely miss the orc priest.
The orc priest calls down the wrath of Beogh upon you.
Pain shoots through your body!
* * * LOW HITPOINT WARNING * * *
You block the orc priest's attack.
You are too injured to fight recklessly! 😨 HP[-5]
You take 5 damage, and now have 11/41 hp.
An orc priest is nearby!
You hit the orc priest.
The orc priest mumbles some strange prayers to Beogh against you.
Pain shoots through your body!
You die...

Skill      XL: |  1  2 |
---------------+-------+-----
Armour         | 4 |  4.6
Fighting       | 4 |  4.6
Shields        | 4 |  4.5
Axes           | 3 |  3.8

Action                   |  1- 3 |  4- 6 || total
-------------------------+-------+-------++-------
Melee: War axe           |    63 |    47 ||   110
       Headbutt          |     6 |     9 ||    15
Armor: Scale mail        |    39 |    14 ||    53
Dodge: Dodged            |    32 |    14 ||    46
Block: Buckler           |    12 |     9 ||    21

Levels and vault maps discovered:
D:1:      denvon_arrival_planthouse, layout_rooms,
          minmay_misc_feat_more_columns, minmay_stone_trees_medium, minivault_26
D:2:      layout_rooms, shapermc_ecumenical_altar_mp_highgroup, uniq_terence
D:3:      layout_loops_corners, nemelex_diamond_rough_becter, minmay_quantized,
          uniq_sigmund

Notes
Turn   | Place    | Note
-------+----------+-------------------------------------------
     0 | D:1      | Faeu the Minotaur Fighter began the quest for the Orb.
     0 | D:1      | Reached XP level 1. HP: 19/19 MP: 0/0
     0 | D:1      | magus.rc [v1.9.6]
    56 | D:1      | Reached XP level 2. HP: 27/27 MP: 1/1
   170 | D:1      | Reached skill level 4 in Armour
   375 | D:1      | Reached skill level 4 in Fighting
   375 | D:1      | Reached skill level 4 in Shields
   406 | D:1      | Reached skill level 3 in Axes
   437 | D:1      | Reached XP level 3. HP: 33/33 MP: 2/2
   656 | D:2      | Noticed Terence
   662 | D:2      | HP: 8/33 [Terence/+0 trident (3)]
   663 | D:2      | Killed Terence
  1035 | D:2      | Reached XP level 4. HP: 40/40 MP: 3/3
  1077 | D:2      | Found a faded altar of an unknown god.
  1611 | D:3      | Found a sparkling altar of Nemelex Xobeh.
  1767 | D:3      | Killed from afar by an orc priest

Vanquished Creatures
  An orc priest (D:3)
  Terence (D:2)
  2 worms (D:2)
  A dart slug (D:2)
  4 orcs (D:3)
  6 ball pythons
  7 endoplasms
  2 giant cockroaches
  9 goblins
  7 hobgoblins
  2 jackals (D:2)
  3 kobolds
  3 quokkas
  7 bats
  2 frilled lizards
  7 rats
64 creatures vanquished.

Table legend:
 A = Non-vault XP
 B = Vault XP
 C = Vault XP percentage of total XP
 D = Non-vault monster count
 E = Vault monster count
 F = Vault count percentage of total count
                 A         B        C        D         E       F
            +---------+---------+-------+---------+---------+-------
      Total |     154 |      36 |  18.9 |      63 |       1 |   1.6
            +---------+---------+-------+---------+---------+-------
        D:1 |      44 |       0 |   0.0 |      30 |       0 |   0.0
        D:2 |      45 |      36 |  44.4 |      21 |       1 |   4.5
        D:3 |      65 |       0 |   0.0 |      12 |       0 |   0.0
            +---------+---------+-------+---------+---------+-------

Illustrated notes

Table legend:
 A = Kills in this place as a percentage of kills in entire the game.
 B = Kills by you in this place as a percentage of kills by you in the entire game.
 C = Kills by friends in this place as a percentage of kills by friends in the entire game.
 D = Other kills in this place as a percentage of other kills in the entire game.
 E = Experience gained in this place as a percentage of experience gained in the entire game.
 F = Experience gained in this place divided by the number of levels of this place that you have seen.
                   A       B       C       D       E      F
               +-------+-------+-------+-------+-------+----------------------
         Total | 100.0 | 100.0 |   N/A |   N/A | 100.0 |  63.3
       Dungeon | 100.0 | 100.0 |   N/A |   N/A | 100.0 |  63.3
               +-------+-------+-------+-------+-------+----------------------

Table legend: (Time is in decaauts)
 A = Elapsed time spent in this place.
 B = Non-inter-level travel time spent in this place.
 C = Inter-level travel time spent in this place.
 D = Time resting spent in this place.
 E = Time spent auto-exploring this place.
 F = Levels seen in this place.
 G = Mean time per level.
                   A        B        C        D        E       F      G
               +--------+--------+--------+--------+--------+-----+--------+
         Total |   1807 |   1754 |     53 |      0 |   1444 |   3 |  602.3 |
       Dungeon |   1807 |   1754 |     53 |      0 |   1444 |   3 |  602.3 |
               +--------+--------+--------+--------+--------+-----+--------+

Top non-repeatable levels by time:
     D:2: 740 daAuts
     D:1: 658 daAuts
     D:3: 408 daAuts
